 Dungeon Crawl Stone Soup version 0.29-a0-582-ge82337ba6a (webtiles) character file.

Game seed: 7377210548139602317

14116 Quiero the Thaumaturge (level 12, -1/81 HPs)
             Began as a Djinni Fire Elementalist on June 13, 2022.
             Was a Priest of Makhleb.
             Slain by a wolf (7 damage)
             ... on level 2 of the Lair of Beasts on June 14, 2022.
             The game lasted 00:41:16 (14708 turns).

Quiero the Thaumaturge (Djinni Fire Elementalist)  Turns: 14708, Time: 00:41:17

Health: -1/81      AC:  5    Str: 11    XL:     12   Next: 41%
Gold:   693        EV: 17    Int: 21    God:    Makhleb [***...] SH:  0 Dex: 22

rFire   + + .      SeeInvis .   L - +9 mace of the Extremely Mad {vorpal, Str+4 Dex+4}
rCold   x . .      Faith    .   (no shield)
rNeg    . . .      Spirit   .   J - +1 robe {Will+}
rPois   ∞          Reflect  .   E - +1 hat
rElec   .          Harm     .   (no cloak)
rCorr   +          Rampage  .   I - +0 pair of gloves {Dex+3}
Will    ++...                   (boots unavailable)
Stlth   +++.......              C - amulet of the acrobat
HPRegen 0.23/turn               a - ring of resist corrosion
MPRegen 0.00/turn               (no ring)

@: flying
A: sickness immunity, fire resistance 2, cold vulnerability 1, float, innate
caster, HP casting, extra vitality 1
a: Renounce Religion, Minor Destruction, Lesser Servant of Makhleb


You were on level 2 of the Lair of Beasts.
You worshipped Makhleb.
Makhleb was most pleased with you.
You visited 3 branches of the dungeon, and saw 13 of its levels.

You collected 693 gold pieces.

Inventory:

Hand Weapons
 i - a +0 dagger of speed
 w - a +5 battleaxe of freezing
 L - the +9 mace of the Extremely Mad (weapon) {vorpal, Str+4 Dex+4}
   (You found it on level 9 of the Dungeon)

   It inflicts extra damage upon your enemies.
   Str:       It affects your strength (+4).
   Dex:       It affects your dexterity (+4).
Armour
 x - a +0 buckler
 y - the +7 chain mail of Muttered Phrases {Int+4}
   (You found it on level 10 of the Dungeon)

   Int:       It affects your intelligence (+4).
 E - a +1 hat (worn)
 I - a +0 pair of gloves of dexterity (worn)
 J - a +1 robe of willpower (worn)
Jewellery
 a - a ring of resist corrosion (left hand)
 j - a ring of fire
 C - an amulet of the acrobat (around neck)
Wands
 r - a wand of acid (8)
 s - a wand of polymorph (8)
 z - a wand of iceblast (7)
 D - a wand of paralysis (11)
 K - a wand of flame (9)
Scrolls
 b - 2 scrolls of enchant armour
 e - 2 scrolls of enchant weapon {unknown}
 k - 2 scrolls of immolation {unknown}
 o - 6 scrolls of teleportation
 p - 4 scrolls of blinking {unknown}
 q - 3 scrolls of fear
 t - 2 scrolls of summoning {unknown}
 A - a scroll of fog
 B - 2 scrolls of brand weapon {unknown}
 G - a scroll of magic mapping
Potions
 c - 2 potions of degeneration {unknown}
 d - 7 potions of curing
 f - 4 potions of lignification {unknown}
 g - 3 potions of might {unknown}
 h - 6 potions of heal wounds
 m - 2 potions of berserk rage {unknown}
 u - 3 potions of haste {unknown}
 v - 2 potions of magic {unknown}
 F - 2 potions of attraction {unknown}


   Skills:
 * Level 5.6 Fighting
 + Level 0.3 Short Blades
 * Level 5.6 Armour
 * Level 6.6 Dodging
 + Level 3.5 Stealth
 * Level 4.4 Shields
 * Level 12.2 Spellcasting


You had 9 spell levels left.
You knew the following spells:

 Your Spells              Type           Power      Damage    Failure   Level
a - Foxfire               Conj/Fire      100%       2x1d9     1%          1
b - Scorch                Fire           100%       2d10      1%          2
c - Conjure Flame         Conj/Fire      59%        6-21      1%          3
d - Inner Flame           Hex/Fire       59%        N/A       1%          3
e - Flame Wave            Conj/Fire      59%        2d11      1%          4
f - Magic Dart            Conj           100%       1d8       1%          1
g - Poisonous Vapours     Pois/Air       100%       N/A       1%          2
h - Ignite Poison         Fire/Tmut/Pois 59%        N/A       1%          3
i - Gell's Gravitas       Tloc           59%        N/A       1%          3
j - Cause Fear            Hex            29%        N/A       1%          4
Your spell library was empty.

Dungeon Overview and Level Annotations

Branches:
Dungeon (10/15)            Temple (1/1) D:7            Lair (2/6) D:9
  Swamp: Lair:2-4    Shoals: Lair:2-4     Snake: Lair:2-4    Spider: Lair:2-4
    Orc: D:9-12

Altars:
Ashenzari
Cheibriados
Dithmenos
Elyvilon
Fedhas
Gozag
Hepliaklqana
Kikubaaqudgha
Makhleb
Nemelex Xobeh
Okawaru
Qazlal
Ru
Sif Muna
Trog
Uskayaw
Vehumet
Wu Jian
Xom
Yredelemnul
Zin
The Shining One

Shops:
D:1 *

Portals:
Abyss: D:9

Annotations:
D:9 2 transporters, DocClef's ghost, novice GnDe


Innate Abilities, Weirdness & Mutations

You are immune to sickness and miasma.
You are immune to poison.
Your flesh is very heat resistant. (rF++)
You are vulnerable to cold. (rC-)
You float through the air rather than walking.
You learn spells naturally, not from books.
Your magical power is your life essence.
You have superior vitality. (+4 MHP)


Message History

You kill the water moccasin!
Makhleb accepts your kill.
* * * LOW HITPOINT WARNING * * *
The basilisk gazes at you. You resist with almost no effort.
Casting: Scorch (safe; 1% risk of failure)
Confirm with . or Enter, or press ? or * to list all spells.
Flames lash the yak.
The yak is almost dead.
The yak's fire resistance burns away.
* * * LOW HITPOINT WARNING * * *
A wolf comes into view.
The basilisk gazes at you. You resist with almost no effort.
Casting: Scorch (safe; 1% risk of failure)
Confirm with . or Enter, or press ? or * to list all spells.
Casting: Cause Fear (safe; 1% risk of failure)
Press: ? - help, Dir - look around, f - activate The basilisk looks frightened!
The wolf looks frightened!
The yak looks frightened! x2
* * * LOW HITPOINT WARNING * * *
A wolf comes into view.
The wolf moves out of view.
A wolf comes into view. x2
The wolf moves out of view.
A wolf comes into view.
The wolf howls!
The wolf barely misses you. The wolf completely misses you. x2
Casting: Cause Fear (safe; 1% risk of failure)
Confirm with . or Enter, or press ? or * to list all spells.
Casting: Cause Fear (safe; 1% risk of failure)
Press: ? - help, Dir - look around, f - activate The wolf looks frightened!
The wolf howls!
The wolf resists with almost no effort.
The wolf easily resists.
The wolf looks frightened!
* * * LOW HITPOINT WARNING * * *
The wolf closely misses you. The wolf bites you!
You die...

≈≈≈≈≈≈≈.#...P#
.≈≈≈≈≈≈.#...####
...≈≈≈.≈........ .
..#..○..#.........
....☼...†...# .h..
....§☼......##....
....†.......#.....
....†§.....h......
.....○....@h......
..Y.##.......####P
.... ####.<..# $..
#....h# .. #.....#
#.....# #...###
P...# #...#


You could see 4 wolves.

Vanquished Creatures
  2 hydras (Lair:2)
  2 two-headed ogres
  Nergalle (Lair:1)
  2 cane toads (Lair:2)
  A rime drake (Lair:1)
  A komodo dragon (Lair:1)
  8 blink frogs (Lair:1)
  A shadow (D:10)
  A wyvern (D:9)
  Eustachio (D:6)
  8 yaks
  4 vampire mosquitoes (D:10)
  Menkaure (D:6)
  5 water moccasins
  5 orc warriors
  3 black bears
  An ogre (D:6)
  3 centaurs
  5 wolves (Lair:1)
  A phantom (D:5)
  A kobold brigand (D:10)
  8 bullfrogs
  2 gnoll sergeants
  3 scorpions
  A necrophage (D:4)
  A water moccasin zombie (D:4)
  23 wights
  16 killer bees
  3 howler monkeys
  A human zombie (D:4)
  3 jellies
  5 orc priests
  A gnoll shaman (D:7)
  6 hounds
  5 iguanas
  A scorpion zombie (D:4)
  9 orc wizards
  3 hound zombies (D:4)
  2 mummies (D:4)
  14 gnolls
  10 adders
  A shadow imp (D:7)
  2 white imps (D:8)
  3 ufetubi
  2 adder zombies (D:4)
  5 worms
  A dart slug (D:4)
  46 orcs
  9 endoplasms
  6 giant cockroaches
  5 goblins
  6 hobgoblins
  4 jackals (D:2)
  3 quokkas
  7 ball pythons
  2 bats (D:3)
  2 frilled lizards (D:3)
  18 kobolds
  3 rats
  5 bushes (D:2)
  A butterfly (Lair:1)
305 creatures vanquished.

Vanquished Creatures (collateral kills)
  A foxfire (D:9)
1 creature vanquished.

Vanquished Creatures (others)
  422 foxfires
  24 fungi
  22 plants
468 creatures vanquished.

Grand Total: 774 creatures vanquished

Notes
Turn   | Place    | Note
-------+----------+-------------------------------------------
     0 | D:1      | Quiero the Djinni Fire Elementalist began the quest for the
                  | Orb.
     0 | D:1      | Reached XP level 1. HP: 15/15 MP: 0/0
   270 | D:1      | Reached XP level 2. HP: 14/21 MP: 0/0
   558 | D:1      | Found Viuget's General Store.
  1075 | D:2      | Reached XP level 3. HP: 20/26 MP: 0/0
  1075 | D:2      | Learned a level 1 spell: Magic Dart
  1077 | D:2      | Reached skill level 3 in Spellcasting
  1391 | D:2      | Found a broken altar of Ashenzari.
  1457 | D:2      | Reached XP level 4. HP: 26/31 MP: 0/0
  1524 | D:2      | Reached skill level 1 in Armour
  3384 | D:4      | Reached XP level 5. HP: 36/36 MP: 0/0
  3384 | D:4      | Learned a level 2 spell: Poisonous Vapours
  3571 | D:4      | Reached skill level 1 in Fighting
  3588 | D:4      | Reached skill level 4 in Spellcasting
  3588 | D:4      | Reached XP level 6. HP: 3/42 MP: 0/0
  4843 | D:4      | Noticed Sigmund
  4844 | D:4      | Noticed Sigmund
  4844 | D:4      | Sigmund changed into Sigmund the iguana
  4851 | D:4      | Killed Sigmund the iguana
  4852 | D:4      | Reached XP level 7. HP: 36/47 MP: 0/0
  4852 | D:4      | Learned a level 3 spell: Ignite Poison
  5454 | D:4      | Reached skill level 5 in Spellcasting
  5846 | D:5      | Entered Level 5 of the Dungeon
  5862 | D:5      | Reached XP level 8. HP: 35/54 MP: 0/0
  5872 | D:5      | Reached skill level 6 in Spellcasting
  7197 | D:6      | Reached skill level 7 in Spellcasting
  7202 | D:6      | Noticed Eustachio
  7205 | D:6      | Reached XP level 9. HP: 31/59 MP: 0/0
  7205 | D:6      | Learned a level 3 spell: Gell's Gravitas
  7208 | D:6      | Killed Eustachio
  7548 | D:6      | Noticed Menkaure
  7555 | D:6      | Killed Menkaure
  7940 | D:6      | Reached skill level 8 in Spellcasting
  8561 | D:7      | You are sucked into a shaft and drop 3 floors!
  8561 | D:10     | Entered Level 10 of the Dungeon
  8731 | D:10     | Identified the +7 chain mail of Muttered Phrases {Int+4}
  8774 | D:10     | Reached skill level 1 in Shields
  9003 | D:10     | Reached XP level 10. HP: 37/67 MP: 0/0
  9194 | D:9      | Reached skill level 9 in Spellcasting
  9751 | D:7      | Reached skill level 5 in Dodging
 10039 | D:7      | Found a staircase to the Ecumenical Temple.
 10060 | Temple   | Entered the Ecumenical Temple
 10383 | Temple   | Became a worshipper of Makhleb the Destroyer
 10881 | D:8      | Noticed a two-headed ogre
 10890 | D:8      | Killed a two-headed ogre
 11241 | D:8      | Reached * piety under Makhleb
 11919 | D:9      | Reached skill level 10 in Spellcasting
 11926 | D:9      | Reached XP level 11. HP: 38/74 MP: 0/0
 11926 | D:9      | Learned a level 4 spell: Cause Fear
 12596 | D:9      | Found a transporter.
 12603 | D:9      | Found a one-way gate to the infinite horrors of the Abyss.
 12603 | D:9      | Noticed DocClef's ghost (novice GnDe)
 12612 | D:9      | Noticed a toenail golem
 12632 | D:9      | Noticed a toenail golem
 12747 | D:9      | Noticed a thrashing horror
 12751 | D:9      | Found a transporter.
 12801 | D:9      | Identified the +9 mace of the Extremely Mad {vorpal, Str+4
                  | Dex+4}
 12829 | D:9      | Reached ** piety under Makhleb
 12831 | D:9      | Noticed a two-headed ogre
 12838 | D:9      | Killed a two-headed ogre
 12839 | D:9      | Reached skill level 5 in Armour
 13125 | D:9      | Found a staircase to the Lair.
 13561 | D:9      | Upgraded the game from 0.29-a0-577-gafbf2c5d25 to
                  | 0.29-a0-582-ge82337ba6a
 13563 | Lair:1   | Entered Level 1 of the Lair of Beasts
 13578 | Lair:1   | Reached skill level 11 in Spellcasting
 13581 | Lair:1   | Reached skill level 5 in Fighting
 13993 | Lair:1   | Noticed Nergalle
 14001 | Lair:1   | Killed Nergalle
 14002 | Lair:1   | Reached XP level 12. HP: 40/81 MP: 0/0
 14658 | Lair:2   | Noticed a five-headed hydra
 14665 | Lair:2   | Killed a five-headed hydra
 14676 | Lair:2   | Noticed a four-headed hydra
 14683 | Lair:2   | Reached *** piety under Makhleb
 14684 | Lair:2   | Killed a four-headed hydra
 14685 | Lair:2   | Reached skill level 12 in Spellcasting
 14708 | Lair:2   | Slain by a wolf

Illustrated notes

Levels and vault maps discovered:
D:1:      elethiomel_arrival_maze, layout_rooms, serial_shops,
          nicolae_shop_hallway_plus, hangedman_abyss_or_decor_lesser_grid,
          amcnicky_mini_pool_small, grunt_decor_junction
D:2:      layout_rooms, basic_altar, serial_forest,
          infiniplex_forest_lined_corner, infiniplex_forest_zigzag_2,
          infiniplex_forest_clump_curved, infiniplex_forest_clump_medium,
          minmay_fountain_box, hangedman_feature_mirror, minmay_quantized
D:3:      layout_basic, small_statue_intersection
D:4:      layout_loops_corners, lemuel_mausoleum_altar_kikubaaqudgha,
          uniq_sigmund
D:5:      layout_loops_ring, kennysheep_generic_room_4
D:6:      layout_loops_cross, grunt_decor_clamped, uniq_eustachio, uniq_menkaure
D:7:      layout_gridville, temple_statues, minmay_hedge_maze
D:8:      layout_basic, eino_tiny_chamber, palyth_stone_intersect,
          chequers_serial_rivers_marsh
D:9:      layout_roguey [special_room_orc], grunt_lair_entry_orc_guard_hut,
          gammafunk_ghost_abyssal_escape
D:10:     layout_loops_ring, minmay_orc_entry_guard_dogs, serial_glass,
          glass_columns_a, glass_columns_c
Temple:   mainiacjoe_temple_circle_huts
Lair:1:   layout_regular_city, infiniplex_staircase_pool_2, lemuel_fruit_fields,
          uniq_nergalle
Lair:2:   layout_hall_layers, chequers_serial_rivers_large_a,
          infiniplex_staircase_pool

Skill      XL: |  1  2  3  4  5  6  7  8  9 10 11 12 |
---------------+-------------------------------------+-----
Spellcasting   | 3 4 5 7 8 10 11 12 | 12.2
Armour         | 1 2 3 4 5 |  5.6
Fighting       | 1 2 3 4 5 |  5.6
Dodging        | 3 4 5 6 |  6.6
Stealth        | 2 3 |  3.5
Shields        | 1 2 4 |  4.4
Short Blades   | |  0.3

Action                   |  1- 3 |  4- 6 |  7- 9 | 10-12 || total
-------------------------+-------+-------+-------+-------++-------
Melee: Dagger            |     1 |     9 |     5 |     1 ||    16
       Punch             |       |       |     1 |       ||     1
       Mace              |       |       |       |     5 ||     5
 Cast: Foxfire           |    40 |    56 |    65 |    82 ||   243
       Scorch            |     5 |    45 |    70 |    61 ||   181
       Magic Dart        |     4 |       |    10 |     4 ||    18
       Flame Wave        |       |     1 |     3 |    15 ||    19
       Poisonous Vapours |       |     8 |     9 |    12 ||    29
       Inner Flame       |       |     1 |    13 |    32 ||    46
       Ignite Poison     |       |       |     5 |     5 ||    10
       Conjure Flame     |       |       |     1 |       ||     1
       Gell's Gravitas   |       |       |       |    21 ||    21
       Cause Fear        |       |       |       |     3 ||     3
Evoke: Wand              |       |     1 |       |       ||     1
  Use: Scroll            |       |       |       |     8 ||     8
 Stab: Sleeping          |       |     2 |     2 |     2 ||     6
Armor: Robe              |     1 |     2 |     9 |     8 ||    20
Dodge: Dodged            |     7 |    21 |    21 |    79 ||   128

Table legend: (Time is in decaauts)
 A = Elapsed time spent in this place.
 B = Non-inter-level travel time spent in this place.
 C = Inter-level travel time spent in this place.
 D = Time resting spent in this place.
 E = Time spent auto-exploring this place.
 F = Levels seen in this place.
 G = Mean time per level.
                   A        B        C        D        E       F      G
               +--------+--------+--------+--------+--------+-----+--------+
         Total |  14700 |  14271 |    429 |    384 |  12410 |  13 | 1130.8 |
       Dungeon |  13208 |  12844 |    364 |    384 |  11146 |  10 | 1320.8 |
        Temple |    345 |    304 |     41 |      0 |    281 |   1 |  345.0 |
          Lair |   1146 |   1122 |     24 |      0 |    983 |   2 |  573.0 |
               +--------+--------+--------+--------+--------+-----+--------+

Top non-repeatable levels by time:
     D:4: 2464 daAuts
     D:9: 1872 daAuts
     D:5: 1347 daAuts
     D:6: 1332 daAuts
     D:2: 1332 daAuts
     D:8: 1240 daAuts
  Lair:1: 1090 daAuts
     D:1: 1067 daAuts
     D:3: 977 daAuts
     D:7: 946 daAuts
    D:10: 626 daAuts
  Temple: 345 daAuts
  Lair:2: 55 daAuts
